 Dungeon Crawl Stone Soup version 0.28.0 (webtiles) character file.

Game seed: 7128667944334922048

3 sanka the Magician (level 1, -1/11 HPs)
             Began as a Deep Elf Transmuter on Feb 8, 2022.
             Killed from afar by a dart slug (4 damage)
             ... with a slug dart
             ... on level 1 of the Dungeon.
             The game lasted 00:00:11 (171 turns).

sanka the Magician (Deep Elf Transmuter)             Turns: 171, Time: 00:00:12

Health: -1/11      AC:  2    Str:  7    XL:     1   Next: 41%
Magic:  6/6        EV: 12    Int: 17    God:
Gold:   7          SH:  0    Dex: 15    Spells: 5/6 levels left

rFire   . . .      SeeInvis .     - Unarmed
rCold   . . .      Faith    .   (no shield)
rNeg    . . .      Spirit   .   a - +0 robe
rPois   .          Reflect  .   (helmet currently unavailable)
rElec   .          Harm     .   (no cloak)
rCorr   .          Rampage  .   (no gloves)
Will    .....                   (boots currently unavailable)
Stlth   +.........              (no amulet)
HPRegen 0.03/turn               (no ring)
MPRegen 0.10/turn               (no ring)

@: appendages
A: horns 2, talons 2
a: End Transformation


You were on level 1 of the Dungeon.
You had temporarily grown beastly horns and talons.
You visited 1 branch of the dungeon, and saw 1 of its levels.

You collected 7 gold pieces.

Inventory:

Armour
 a - a +0 robe (worn)


   Skills:
 - Level 0.7 Fighting
 - Level 2.4 Dodging
 - Level 2.4 Unarmed Combat
 + Level 3.4 Spellcasting
 - Level 2.1 Transmutations


You had 5 spell levels left.
You knew the following spells:

 Your Spells              Type           Power      Damage    Failure   Level
a - Beastly Appendage     Tmut           20%        N/A       7%          1

Your spell library contained the following spells:

 Spells                   Type           Power      Damage    Failure   Level
 Wereblood                Tmut           10%        N/A       11%         2
 Spider Form              Tmut/Pois      6%         N/A       32%         3
 Ice Form                 Ice/Tmut       6%         N/A       71%         4


Dungeon Overview and Level Annotations

Branches:
Dungeon (1/15)

Altars:


Innate Abilities, Weirdness & Mutations

You have temporarily grown beastly horns and talons.


Message History

No target in view!
You start waiting.
Done waiting.
A dart slug comes into view.
You see here a frilled lizard corpse.
A dart slug is nearby!
A dart slug is nearby!
A goblin comes into view. It is wielding a +0 dagger.
You grow a pair of large bovine horns.
Your feet morph into talons.
The dart slug bites you.
You hit the dart slug.
You claw the dart slug, but do no damage.
The dart slug is heavily wounded.
You hit the dart slug.
You claw the dart slug, but do no damage.
You headbutt the dart slug, but do no damage.
The dart slug is severely wounded.
The dart slug launches a dart at you. The slug dart hits you.
The goblin closely misses you.
You hit the dart slug but do no damage.
You claw the dart slug, but do no damage.
The dart slug is severely wounded.
The goblin hits you but does no damage. The dart slug launches a dart at you.
The slug dart hits you.
* * * LOW HITPOINT WARNING * * *
You barely miss the goblin. Your kick misses the goblin.
Your headbutt misses the goblin. The goblin misses you.
You hit the goblin. You claw the goblin.
The goblin is almost dead.
The goblin hits you with a +0 dagger.
* * * LOW HITPOINT WARNING * * *
You completely miss the goblin. You claw the goblin.
You kill the goblin!
You start resting.
Magic restored.
You hit the dart slug.
The dart slug is almost dead.
The dart slug launches a dart at you. The slug dart hits you.
You die...

#### ### #.. ..#
#.# #.#
#####.######.# ##
#.†.......##.#
##.##.###.###.##.##
##...#@#
#.........#
#....w.#
#.........#
##...#.#
##.##.###.#
.........# #.##.#
#.# #####.####
#.##.# #.# #.
#.##.###.# #+
#........#
####.##### ##...##


You could see a dart slug.

Vanquished Creatures
  A giant cockroach (D:1)
  A goblin (D:1)
  A frilled lizard (D:1)
3 creatures vanquished.

Notes
Turn   | Place    | Note
-------+----------+-------------------------------------------
     0 | D:1      | sanka the Deep Elf Transmuter began the quest for the Orb.
     0 | D:1      | Reached XP level 1. HP: 11/11 MP: 6/6
   171 | D:1      | Killed from afar by a dart slug

Illustrated notes

Levels and vault maps discovered:
D:1:      minmay_arrival_doors, layout_loops_corners,
          hellmonk_ecumenical_altar_blasted, minmay_misc_feat_roman,
          minmay_misc_feat_columns

Action                   || total
-------------------------++-------
Melee: Unarmed           ||    13
       Kick              ||     6
       Headbutt          ||     2
       Punch             ||     1
 Cast: Beastly Appendage ||     2
Armor: Robe              ||     1
Dodge: Dodged            ||     6
